 Dungeon Crawl Stone Soup version 0.24-a0-278-gefa1973 (console) character file.

Game seed: 17470085369818331325

43 Voker57 the Skirmisher (level 3, -3/30 HPs)
             Began as a Demonspawn Monk on Apr 29, 2019.
             Slain by an adder (4 damage)
             ... on level 2 of the Dungeon.
             The game lasted 00:03:06 (1410 turns).

Voker57 the Skirmisher (Demonspawn Monk)            Turns: 1410, Time: 00:03:07

Health: -3/30      AC:  2    Str: 11    XL:     3   Next: 37%
Magic:  3/3        EV: 14    Int: 11    God:
Gold:   82         SH:  0    Dex: 16    Spells: 2/2 levels left

rFire    . . .     SeeInvis .   a - +0 falchion
rCold    . . .     Gourm    .   (no shield)
rNeg     . . .     Faith    .   b - +0 robe
rPois    .         Spirit   .   (no helmet)
rElec    .         Reflect  .   (no cloak)
rCorr    .         Harm     .   (no gloves)
MR       .....                  (no boots)
Stlth    ++........             (no amulet)
HPRegen  0.10/turn              (no ring)
MPRegen  0.08/turn              (no ring)

@: lethally poisoned (-3 -> -4)
A: demonic guardian 1
a: no special abilities


You were on level 2 of the Dungeon.
You were near starving.

You visited 1 branch of the dungeon, and saw 2 of its levels.

You collected 82 gold pieces.

Inventory:

Hand Weapons
 a - a +0 falchion (weapon)
Armour
 b - a +0 robe (worn)
Scrolls
 e - 2 scrolls of teleportation {unknown}
 f - a scroll of magic mapping {unknown}
 g - 2 scrolls of remove curse {unknown}
 j - a scroll of immolation {unknown}
Comestibles
 c - 5 rations


   Skills:
 + Level 3.8 Fighting
 - Level 2.6 Long Blades
 + Level 3.4 Dodging
 - Level 1.7 Stealth


You had 2 spell levels left.
You didn't know any spells.
Your spell library was empty.

Dungeon Overview and Level Annotations

Branches:
Dungeon (2/15)

Altars:


Innate Abilities, Weirdness & Mutations

A weak demonic guardian rushes to your aid.


Message History

You miss the adder.
The adder is almost dead.
The adder bites you. The hobgoblin hits you with a +0 club.
* * * LOW HITPOINT WARNING * * *
The adder closely misses you.
You barely miss the adder.
The adder is almost dead.
You feel sick. The adder bites you.
* * * LOW HITPOINT WARNING * * *
The hobgoblin hits you with a +0 club.
* * * LOW HITPOINT WARNING * * *
The adder barely misses you.
The hobgoblin hits you but does no damage.
The hobgoblin completely misses you.
You closely miss the adder.
The adder is almost dead.
* * * LOW HITPOINT WARNING * * *
You feel sick. The adder completely misses you.
The hobgoblin closely misses you. The adder bites you.
You die...

..##...)###...................#
.g'S......'..........>....#####
..##.....##...............#######
..##..............##...÷.........
..##...........<#.###+###........
..##...........#.................
######..###....#.................
#...........................
#.........gS................
#..........@............####
+.......................#
#.............#.........#
#.......................#
#............#..........#
######.######.....#..........####
..............###+##..#......÷...
.................................
.................................
.......###..............÷..(.....


You could see an adder and a hobgoblin.

Vanquished Creatures
  An adder (D:2)
  An ooze (D:2)
  A worm (D:2)
  2 dart slugs
  A leopard gecko (D:1)
  2 giant cockroaches
  3 goblins
  3 hobgoblins
  2 kobolds (D:1)
  4 bats
  2 rats (D:1)
22 creatures vanquished.

Notes
Turn   | Place    | Note
-------+----------+-------------------------------------------
     0 | D:1      | Voker57 the Demonspawn Monk began the quest for the Orb.
     0 | D:1      | Reached XP level 1. HP: 18/18 MP: 1/1
   210 | D:1      | Gained mutation: A weak demonic guardian rushes to your
                  | aid. [demonic ancestry]
   210 | D:1      | Reached XP level 2. HP: 15/24 MP: 2/2
   785 | D:2      | Reached XP level 3. HP: 27/29 MP: 3/3
  1410 | D:2      | HP: 1/30 [poisoned by an adder]
  1410 | D:2      | Slain by an adder

Levels and vault maps discovered:
D:1:      dpeg_arrival_simpleton_b, layout_basic, solitary_fountain,
          kennysheep_another_room
D:2:      layout_basic, first_ration, kennysheep_generic_room_11

Skill      XL: |  1 |
---------------+----+-----
Dodging        | 3 |  3.4
Fighting       | |  3.8
Long Blades    | |  2.6
Stealth        | |  1.7

Action                   || total
-------------------------++-------
Melee: Falchion          ||    76
  Use: Potion            ||     4
       Scroll            ||     1
Armor: Robe              ||    14
       Skin              ||     2
Dodge: Dodged            ||    60
       Rpst.: Falchion   ||    20

Table legend:
 A = Non-vault XP
 B = Vault XP
 C = Vault XP percentage of total XP
 D = Non-vault monster count
 E = Vault monster count
 F = Vault count percentage of total count
                 A         B        C        D         E       F
            +---------+---------+-------+---------+---------+-------
      Total |      62 |       0 |   0.0 |      22 |       0 |   0.0
            +---------+---------+-------+---------+---------+-------
        D:1 |      27 |       0 |   0.0 |      14 |       0 |   0.0
        D:2 |      35 |       0 |   0.0 |       8 |       0 |   0.0
            +---------+---------+-------+---------+---------+-------
